[Event "44th Chess Olympiad Open 2022"]
[Site "Chennai"]
[Date "2022.08.09"]
[Round "11.44"]
[White "Junior, Domingos"]
[Black "Lungu, Nase"]
[Result "1/2-1/2"]
[ECO "C56"]
[WhiteElo "2107"]
[BlackElo "2216"]
[Annotator "ChessBase"]
[PlyCount "66"]
[EventDate "2022.07.29"]
[EventType "team-tourn"]
[EventCountry "IND"]
[SourceTitle "playchess.com"]
[Source "ChessBase"]
[SourceQuality "1"]
[WhiteTeam "Angola"]
[BlackTeam "Zambia"]
[WhiteTeamCountry "ANG"]
[BlackTeamCountry "ZAM"]
[TimeControl "40/5400+30:1800+30"]

1. e4 e5 2. Nf3 Nc6 3. Bc4 Nf6 4. O-O Bc5 5. d4 exd4 6. e5 d5 7. exf6 dxc4 8. Re1+ Be6 9. fxg7 Rg8 10. Bg5 Be7 11. Bxe7 Kxe7 12. Nbd2 Qd5 13. Ne4 Rxg7 14. Qd2 Rag8 15. Ng3 Kd8 16. Nxd4 Nxd4 17. Rad1 c5 18. c3 Bh3 19. f3 Nxf3+ 20. gxf3 Qxd2 21. Rxd2+ Kc8 22. Rd5 b6 23. Kf2 Be6 24. Rd2 Kc7 25. f4 Rg4 26. Kf3 Kc6 27. Re5 Rh4 28. f5 Bc8 29. Re7 f6 30. a4 a6 31. Ne4 Rh3+ 32. Kf4 Rh4+ 33. Kf3 Rh3+ 1/2-1/2

[Event "44th Chess Olympiad Open 2022"]
[Site "Chennai"]
[Date "2022.08.09"]
[Round "11.45"]
[White "Tissir, Mohamed"]
[Black "Brahami, Lamine"]
[Result "1-0"]
[ECO "B86"]
[WhiteElo "2366"]
[BlackElo "2189"]
[Annotator "RC"]
[PlyCount "133"]
[EventDate "2022.07.29"]
[EventType "team-tourn"]
[EventCountry "IND"]
[SourceTitle "playchess.com"]
[Source "ChessBase"]
[SourceQuality "1"]
[WhiteTeam "Morocco"]
[BlackTeam "Algeria"]
[WhiteTeamCountry "MAR"]
[BlackTeamCountry "ALG"]
[TimeControl "40/5400+30:1800+30"]

1. e4 c5 2. Nf3 d6 3. d4 cxd4 4. Nxd4 Nf6 5. Nc3 a6 6. Bc4 e6 7. Bb3 Be7 8. g4 O-O 9. g5 Nfd7 10. h4 Nc5 11. Rg1 b5 12. Qe2 b4 13. Na4 Bd7 14. Nxc5 dxc5 15. Nf3 Bb5 16. Bc4 Qb6 17. h5 Bxc4 18. Qxc4 Qb5 19. Qe2 Nc6 20. Be3 Rfd8 21. Nd2 Nd4 22. Bxd4 Rxd4 23. b3 Qxe2+ 24. Kxe2 Rad8 25. Rad1 Bd6 26. Rg4 Bc7 27. f4 a5 28. Ke3 Bb6 29. Ke2 a4 30. Rg3 Bc7 31. Rf3 Kf8 32. Rf2 Ke7 33. Rf3 g6 34. h6 f6 35. gxf6+ Kxf6 36. Ke3 R8d7 37. Rff1 c4 38. bxc4 Ba5 39. e5+ Kf5 40. Rg1 Rxf4 41. c5 Rd5 42. Nf3 Re4+ 43. Kf2 Rxc5 44. Nd4+ Rxd4 45. Rxd4 Rxc2+ 46. Kf3 Rc3+ 47. Kg2 a3 48. Rd7 b3 49. axb3 Bb6 50. Rf1+ Kxe5 51. Rxh7 Be3 52. Rh8 a2 53. h7 Rc2+ 54. Kh3 Rc7 55. Kg4 Ra7 56. Re1 Ke4 57. Re8 Rxh7 58. Rxe6+ Kd4 59. Rd1+ Kc3 60. Rxe3+ Kc2 61. Rf1 Kb2 62. b4 Rh2 63. Ree1 Ka3 64. b5 Rb2 65. Rf3+ Ka4 66. Ra1 g5 67. Kg3 1-0

[Event "44th Chess Olympiad Open 2022"]
[Site "Chennai"]
[Date "2022.08.09"]
[Round "11.45"]
[White "Nassr, Ali"]
[Black "Msellek, Ilyass"]
[Result "1/2-1/2"]
[ECO "D35"]
[WhiteElo "2263"]
[BlackElo "2398"]
[Annotator "RC"]
[PlyCount "64"]
[EventDate "2022.07.29"]
[EventType "team-tourn"]
[EventCountry "IND"]
[SourceTitle "playchess.com"]
[Source "ChessBase"]
[SourceQuality "1"]
[WhiteTeam "Algeria"]
[BlackTeam "Morocco"]
[WhiteTeamCountry "ALG"]
[BlackTeamCountry "MAR"]
[TimeControl "40/5400+30:1800+30"]

1. c4 e6 2. Nc3 d5 3. cxd5 exd5 4. d4 c6 5. Nf3 Bf5 6. Bf4 Bd6 7. Bxd6 Qxd6 8. e3 Nd7 9. Bd3 Bxd3 10. Qxd3 Ngf6 11. O-O O-O 12. Rab1 a5 13. Qc2 Rfe8 14. h3 g6 15. Ne1 Ne4 16. Nd3 h5 17. Rfc1 g5 18. Nxe4 Rxe4 19. b4 axb4 20. Rxb4 Ra7 21. Ra4 Rxa4 22. Qxa4 Re8 23. Qa7 Qb8 24. Qa3 Nb6 25. Qb3 Nc4 26. Qd1 h4 27. Rb1 b6 28. Nb2 Na5 29. Na4 Nc4 30. Nb2 Na5 31. Na4 Nc4 32. Nb2 Na5 1/2-1/2

[Event "44th Chess Olympiad Open 2022"]
[Site "Chennai"]
[Date "2022.08.09"]
[Round "11.45"]
[White "Djabri, Massinas"]
[Black "Choukri, Adel"]
[Result "1-0"]
[ECO "D24"]
[WhiteElo "2206"]
[BlackElo "2306"]
[Annotator "RC"]
[PlyCount "141"]
[EventDate "2022.07.29"]
[EventType "team-tourn"]
[EventCountry "IND"]
[SourceTitle "playchess.com"]
[Source "ChessBase"]
[SourceQuality "1"]
[WhiteTeam "Algeria"]
[BlackTeam "Morocco"]
[WhiteTeamCountry "ALG"]
[BlackTeamCountry "MAR"]
[TimeControl "40/5400+30:1800+30"]

1. d4 Nf6 2. c4 e6 3. Nf3 d5 4. Nc3 dxc4 5. e4 b5 6. e5 Nd5 7. Nxb5 Nb6 8. Be2 Be7 9. h4 Nc6 10. a3 Bb7 11. h5 Na5 12. Be3 Nb3 13. Ra2 a6 14. Nc3 Rb8 15. O-O O-O 16. h6 g6 17. a4 a5 18. Nb5 Bc6 19. Nd2 Qd7 20. Nxc4 Qd5 21. Bf3 Qxc4 22. Bxc6 Qxc6 23. Qxb3 Qe4 24. Qd1 Rfd8 25. Re1 Bb4 26. Bd2 Qh4 27. Bxb4 axb4 28. b3 Nd5 29. Rc2 Qxh6 30. Qf3 Rd7 31. Rec1 Rbd8 32. Nxc7 Rc8 33. Na6 Qxc1+ 34. Rxc1 Rxc1+ 35. Kh2 Rc3 36. Qe4 h5 37. Nc5 Re7 38. a5 Kg7 39. a6 Rc1 40. Qd3 Ra1 41. Qb5 Ra7 42. Nxe6+ fxe6 43. Qb7+ Rxb7 44. axb7 Ra2 45. b8=Q Rxf2 46. Qe8 Nf4 47. Kg3 Rf1 48. Qb5 h4+ 49. Kxh4 Nxg2+ 50. Kg3 Ne3 51. Qd7+ Kh6 52. Qxe6 Nf5+ 53. Kh2 Rd1 54. d5 Rd2+ 55. Kg1 Rd1+ 56. Kf2 Kg5 57. d6 Kf4 58. Qc4+ Nd4 59. Qxb4 Kxe5 60. d7 Ne6 61. Qc3+ Kd6 62. Qc8 Ke7 63. Qe8+ Kf6 64. b4 Rd5 65. b5 Rf5+ 66. Ke1 Re5+ 67. Kd2 Rd5+ 68. Kc3 Rd6 69. b6 Rc6+ 70. Kd2 Rd6+ 71. Ke1 1-0

[Event "44th Chess Olympiad Open 2022"]
[Site "Chennai"]
[Date "2022.08.09"]
[Round "11.45"]
[White "Zrikem, Nassim"]
[Black "Araoun, Saadi"]
[Result "1-0"]
[ECO "B12"]
[WhiteElo "2075"]
[BlackElo "2049"]
[Annotator "NA RC"]
[PlyCount "43"]
[EventDate "2022.07.29"]
[EventType "team-tourn"]
[EventCountry "IND"]
[SourceTitle "playchess.com"]
[Source "ChessBase"]
[SourceQuality "1"]
[WhiteTeam "Morocco"]
[BlackTeam "Algeria"]
[WhiteTeamCountry "MAR"]
[BlackTeamCountry "ALG"]
[TimeControl "40/5400+30:1800+30"]

1. e4 c6 2. d4 d5 3. e5 c5 4. dxc5 e6 5. Be3 Nd7 6. Bb5 Ne7 7. b4 Nf5 8. Nf3 Nxe3 9. fxe3 a6 10. Ba4 Qc7 11. c4 Be7 12. cxd5 exd5 13. Nc3 O-O 14. Nxd5 Qd8 15. Nxe7+ Qxe7 16. Qd6 Qe6 17. Rd1 Qxa2 18. Bxd7 Rd8 19. e6 fxe6 20. Qe7 Bxd7 21. O-O Qa4 22. Ne5 1-0

[Event "44th Chess Olympiad Open 2022"]
[Site "Chennai"]
[Date "2022.08.09"]
[Round "11.46"]
[White "Arias Santana, Mauricio"]
[Black "Kulpruethanon, Thanadon"]
[Result "1/2-1/2"]
[ECO "C85"]
[WhiteElo "2318"]
[BlackElo "2294"]
[Annotator "RC"]
[PlyCount "63"]
[EventDate "2022.07.29"]
[EventType "team-tourn"]
[EventCountry "IND"]
[SourceTitle "playchess.com"]
[Source "ChessBase"]
[SourceQuality "1"]
[WhiteTeam "Costa Rica"]
[BlackTeam "Thailand"]
[WhiteTeamCountry "CRI"]
[BlackTeamCountry "THA"]
[TimeControl "40/5400+30:1800+30"]

1. e4 e5 2. Nf3 Nc6 3. Bb5 a6 4. Ba4 Nf6 5. O-O Be7 6. Bxc6 dxc6 7. d3 Nd7 8. Nbd2 O-O 9. Nc4 f6 10. Nh4 g6 11. Bh6 Rf7 12. Nf3 Nf8 13. Kh1 Ne6 14. Qd2 b6 15. Rad1 a5 16. a4 Qe8 17. b3 Ba6 18. Ne3 Rd8 19. g3 Bc8 20. Kg2 Bb7 21. Qe2 Bf8 22. Bxf8 Qxf8 23. h4 h5 24. Kh2 Qg7 25. Nc4 Bc8 26. Qe3 c5 27. c3 Rfd7 28. Rd2 Ba6 29. Rfd1 Bxc4 30. dxc4 Rxd2 31. Rxd2 Rxd2 32. Qxd2 1/2-1/2

[Event "44th Chess Olympiad Open 2022"]
[Site "Chennai"]
[Date "2022.08.09"]
[Round "11.46"]
[White "Laohawirapap, Prin"]
[Black "Cabezas Solano, David Alejandro"]
[Result "1/2-1/2"]
[ECO "B33"]
[WhiteElo "2230"]
[BlackElo "2196"]
[Annotator "RC"]
[PlyCount "39"]
[EventDate "2022.07.29"]
[EventType "team-tourn"]
[EventCountry "IND"]
[SourceTitle "playchess.com"]
[Source "ChessBase"]
[SourceQuality "1"]
[WhiteTeam "Thailand"]
[BlackTeam "Costa Rica"]
[WhiteTeamCountry "THA"]
[BlackTeamCountry "CRI"]
[TimeControl "40/5400+30:1800+30"]

1. e4 c5 2. Nf3 Nc6 3. d4 cxd4 4. Nxd4 Nf6 5. Nc3 e5 6. Ndb5 d6 7. Nd5 Nxd5 8. exd5 Ne7 9. c4 Ng6 10. Qa4 Bd7 11. Qb4 Qb8 12. Be3 a6 13. Nc3 f5 14. f3 Be7 15. Na4 Qc7 16. Bb6 Qc8 17. Bf2 Qc7 18. Bb6 Qc8 19. Bf2 Qc7 20. Bb6 1/2-1/2

[Event "44th Chess Olympiad Open 2022"]
[Site "Chennai"]
[Date "2022.08.09"]
[Round "11.46"]
[White "Chaves Sanchez, Gabriel A"]
[Black "Arunnuntapanich, Tinnakrit"]
[Result "1/2-1/2"]
[ECO "B50"]
[WhiteElo "2125"]
[BlackElo "2117"]
[Annotator "NA RC"]
[PlyCount "63"]
[EventDate "2022.07.29"]
[EventType "team-tourn"]
[EventCountry "IND"]
[SourceTitle "playchess.com"]
[Source "ChessBase"]
[SourceQuality "1"]
[WhiteTeam "Costa Rica"]
[BlackTeam "Thailand"]
[WhiteTeamCountry "CRI"]
[BlackTeamCountry "THA"]
[TimeControl "40/5400+30:1800+30"]

1. e4 c5 2. Nf3 d6 3. c3 Nf6 4. Bd3 g6 5. h3 Bg7 6. Bc2 O-O 7. O-O Nc6 8. d4 cxd4 9. cxd4 Nb4 10. Bb3 d5 11. e5 Ne4 12. Be3 b6 13. a3 Nc6 14. Nbd2 Ba6 15. Re1 Nxd2 16. Bxd2 e6 17. Ba4 b5 18. Bc2 Qb6 19. Bc3 Rfc8 20. Qd2 Bb7 21. Bd3 Bf8 22. b4 a6 23. Qb2 Rc7 24. Bd2 Rac8 25. Rec1 Ne7 26. Nh2 Nf5 27. Bxf5 exf5 28. Nf3 Rc4 29. Be3 Qc7 30. Ne1 Bc6 31. Nd3 a5 32. Nc5 1/2-1/2

[Event "44th Chess Olympiad Open 2022"]
[Site "Chennai"]
[Date "2022.08.09"]
[Round "11.46"]
[White "Saeheng, Boonsueb"]
[Black "Chinchilla Miranda, Eugenio"]
[Result "0-1"]
[ECO "E01"]
[WhiteElo "2063"]
[BlackElo "2206"]
[Annotator "RC"]
[PlyCount "100"]
[EventDate "2022.07.29"]
[EventType "team-tourn"]
[EventCountry "IND"]
[SourceTitle "playchess.com"]
[Source "ChessBase"]
[SourceQuality "1"]
[WhiteTeam "Thailand"]
[BlackTeam "Costa Rica"]
[WhiteTeamCountry "THA"]
[BlackTeamCountry "CRI"]
[TimeControl "40/5400+30:1800+30"]

1. d4 d5 2. c4 e6 3. Nf3 Nf6 4. g3 Bb4+ 5. Bd2 Bd6 6. Bg2 O-O 7. O-O Nbd7 8. Qc2 c6 9. Bg5 h6 10. Bxf6 Nxf6 11. Nbd2 b6 12. e4 Be7 13. e5 Nd7 14. cxd5 cxd5 15. Rfc1 Nb8 16. Bf1 Bd7 17. a3 Nc6 18. Ba6 Qb8 19. Qd3 b5 20. Qxb5 Qxb5 21. Bxb5 Nxe5 22. Bxd7 Nxd7 23. Rc7 Rfd8 24. b4 Bd6 25. Rc6 Nb6 26. Rac1 Kf8 27. Nb3 Rac8 28. Rxc8 Rxc8 29. Nc5 Nc4 30. Nb7 Ke7 31. Nd2 e5 32. dxe5 Bxe5 33. Nxc4 Rxc4 34. Re1 Kf6 35. Re2 Bd4 36. Kg2 Bb6 37. Nd6 Rc6 38. Ne8+ Kg6 39. f4 d4 40. Re5 Rc2+ 41. Kh3 d3 42. Rd5 Rc8 43. Nd6 Rd8 44. Nf5 Rxd5 45. Ne7+ Kf6 46. Nxd5+ Ke6 47. Nc3 Bd4 48. Nd1 Kd5 49. Kg2 Kc4 50. Kf3 f5 0-1

[Event "44th Chess Olympiad Open 2022"]
[Site "Chennai"]
[Date "2022.08.09"]
[Round "11.47"]
[White "Wong, Yinn Long"]
[Black "Isaakidis, Alexandros"]
[Result "1/2-1/2"]
[ECO "B10"]
[WhiteElo "2381"]
[BlackElo "2165"]
[Annotator "RC"]
[PlyCount "173"]
[EventDate "2022.07.29"]
[EventType "team-tourn"]
[EventCountry "IND"]
[SourceTitle "playchess.com"]
[Source "ChessBase"]
[SourceQuality "1"]
[WhiteTeam "Malaysia"]
[BlackTeam "Cyprus"]
[WhiteTeamCountry "MAS"]
[BlackTeamCountry "CYP"]
[TimeControl "40/5400+30:1800+30"]

1. e4 c6 2. Nf3 d5 3. d3 g6 4. Qe2 Bg7 5. g3 dxe4 6. dxe4 e5 7. Bg2 Ne7 8. O-O O-O 9. b3 Qc7 10. Rd1 b6 11. Ba3 c5 12. Nbd2 Ba6 13. Qe3 Nbc6 14. c3 Rad8 15. Bf1 Bxf1 16. Nxf1 Rxd1 17. Rxd1 Rd8 18. Qe2 Bh6 19. Rd3 Rxd3 20. Qxd3 Qd8 21. Qe2 Qd7 22. Kg2 Kg7 23. Bb2 Kf8 24. Ne3 Bxe3 25. Qxe3 f6 26. Nd2 Kf7 27. Qe2 Nc8 28. Nc4 N6e7 29. f3 Ke8 30. Ne3 Kf7 31. a3 Qe6 32. b4 Qa2 33. Nc4 b5 34. Ne3 c4 35. Qd2 Nb6 36. Bc1 Qa1 37. Qc2 Na4 38. Nd1 Nc6 39. Qd2 Ne7 40. Qc2 Nc6 41. f4 Ke8 42. Kh3 Kf7 43. Qd2 Ne7 44. fxe5 fxe5 45. Qc2 Ke6 46. Bg5 Nb6 47. Bc1 Nd7 48. Nf2 Nf6 49. Kg2 Nc8 50. Bg5 Qe1 51. Bxf6 Kxf6 52. a4 a6 53. axb5 axb5 54. Qd1 Qxd1 55. Nxd1 Ne7 56. Ne3 h5 57. Kf3 Ke6 58. g4 hxg4+ 59. Kxg4 Nc8 60. h4 Nd6 61. Kf3 Kf7 62. Ng4 Ke6 63. Nf2 Kf6 64. Kg4 Nf7 65. Kf3 Nd6 66. Kg4 Nf7 67. Nh3 Nh6+ 68. Kg3 Nf7 69. Kf3 Ke6 70. Nf2 Kf6 71. Nd1 Nd6 72. Ne3 Kf7 73. Nf1 Ke6 74. Ng3 Kf6 75. Kg4 Nf7 76. Nh1 Nd6 77. Nf2 Nf7 78. h5 gxh5+ 79. Kxh5 Nd6 80. Kh6 Nf7+ 81. Kh5 Nd6 82. Kh6 Nf7+ 83. Kh7 Ng5+ 84. Kg8 Nf3 85. Kf8 Ke6 86. Kg8 Kf6 87. Kh7 1/2-1/2

[Event "44th Chess Olympiad Open 2022"]
[Site "Chennai"]
[Date "2022.08.09"]
[Round "11.47"]
[White "Michaelides, Konstantinos"]
[Black "Lim, Zhuo Ren"]
[Result "1/2-1/2"]
[ECO "E04"]
[WhiteElo "2300"]
[BlackElo "2318"]
[Annotator "RC"]
[PlyCount "71"]
[EventDate "2022.07.29"]
[EventType "team-tourn"]
[EventCountry "IND"]
[SourceTitle "playchess.com"]
[Source "ChessBase"]
[SourceQuality "1"]
[WhiteTeam "Cyprus"]
[BlackTeam "Malaysia"]
[WhiteTeamCountry "CYP"]
[BlackTeamCountry "MAS"]
[TimeControl "40/5400+30:1800+30"]

1. d4 Nf6 2. Nf3 d5 3. c4 e6 4. g3 dxc4 5. Bg2 a6 6. O-O Nc6 7. e3 Rb8 8. Qe2 b5 9. b3 cxb3 10. axb3 Bb7 11. Ne5 Nxe5 12. Bxb7 Rxb7 13. dxe5 Nd5 14. e4 Nb4 15. Rd1 Qc8 16. Bg5 Be7 17. Bxe7 Kxe7 18. Qd2 c5 19. Qg5+ Ke8 20. Qxg7 Rf8 21. Qxh7 Rd7 22. Nc3 Nd3 23. Qg7 b4 24. Na4 Qc6 25. h4 c4 26. bxc4 Qxe4 27. Nb6 Qd4 28. Nxd7 Qxf2+ 29. Kh1 Qf3+ 30. Kg1 Qf2+ 31. Kh1 Qf3+ 32. Kh2 Qe2+ 33. Kg1 Qf2+ 34. Kh1 Qf3+ 35. Kh2 Qe2+ 36. Kg1 1/2-1/2

[Event "44th Chess Olympiad Open 2022"]
[Site "Chennai"]
[Date "2022.08.09"]
[Round "11.47"]
[White "Poh, Yu Tian"]
[Black "Antoniou, Rafail"]
[Result "1-0"]
[ECO "B45"]
[WhiteElo "2118"]
[BlackElo "1817"]
[Annotator "NA RC"]
[PlyCount "81"]
[EventDate "2022.07.29"]
[EventType "team-tourn"]
[EventCountry "IND"]
[SourceTitle "playchess.com"]
[Source "ChessBase"]
[SourceQuality "1"]
[WhiteTeam "Malaysia"]
[BlackTeam "Cyprus"]
[WhiteTeamCountry "MAS"]
[BlackTeamCountry "CYP"]
[TimeControl "40/5400+30:1800+30"]

1. e4 c5 2. Nf3 e6 3. d4 cxd4 4. Nxd4 Nf6 5. Nc3 Nc6 6. Ndb5 Bb4 7. a3 Bxc3+ 8. Nxc3 d5 9. exd5 exd5 10. Bd3 d4 11. Ne2 O-O 12. O-O Bg4 13. Bg5 Re8 14. f3 Bh5 15. Kh1 Bg6 16. Re1 Bxd3 17. Qxd3 h6 18. Bh4 Rc8 19. Rad1 Qd6 20. Bf2 Qc7 21. Bxd4 Ne5 22. Qc3 Qe7 23. Qd2 Nc4 24. Qc1 Ne3 25. Nc3 Nxd1 26. Rxe7 Rxe7 27. Qxd1 Rd8 28. Kg1 Red7 29. Ne2 Nd5 30. Kf2 b6 31. c3 Nc7 32. Qa4 Ne6 33. Qb5 Rd5 34. Qa6 R8d7 35. a4 Kh7 36. b4 Rc7 37. Qd3+ Kg8 38. Qe3 Rc4 39. Nf4 Nxf4 40. Qxf4 Rd7 41. Qe5 1-0

[Event "44th Chess Olympiad Open 2022"]
[Site "Chennai"]
[Date "2022.08.09"]
[Round "11.47"]
[White "Florentiades, Michalis"]
[Black "Tan, Jun Ying"]
[Result "0-1"]
[ECO "A01"]
[WhiteElo "1974"]
[BlackElo "2191"]
[Annotator "RC"]
[PlyCount "68"]
[EventDate "2022.07.29"]
[EventType "team-tourn"]
[EventCountry "IND"]
[SourceTitle "playchess.com"]
[Source "ChessBase"]
[SourceQuality "1"]
[WhiteTeam "Cyprus"]
[BlackTeam "Malaysia"]
[WhiteTeamCountry "CYP"]
[BlackTeamCountry "MAS"]
[TimeControl "40/5400+30:1800+30"]

1. b3 g6 2. Bb2 Nf6 3. g3 Bg7 4. Bg2 d6 5. d4 e5 6. dxe5 Nfd7 7. Nf3 dxe5 8. O-O O-O 9. Qc1 e4 10. Nfd2 Bxb2 11. Qxb2 f5 12. e3 Nf6 13. c4 Nc6 14. a3 Be6 15. Nc3 Qe7 16. Rfd1 Rad8 17. Bf1 Ne5 18. Be2 Nd3 19. Bxd3 Rxd3 20. Nf1 c6 21. Ne2 Rfd8 22. Rxd3 exd3 23. Nf4 g5 24. Nxe6 Qxe6 25. Rd1 Ng4 26. Qc3 Ne5 27. f4 gxf4 28. gxf4 Qg6+ 29. Ng3 Nf3+ 30. Kg2 Nh4+ 31. Kg1 d2 32. Qa5 b6 33. Qxa7 Qg4 34. Rxd2 Nf3+ 0-1

[Event "44th Chess Olympiad Open 2022"]
[Site "Chennai"]
[Date "2022.08.09"]
[Round "11.48"]
[White "Bibby, Simon"]
[Black "Razanadrakotoarisoa, Toavina"]
[Result "0-1"]
[ECO "A45"]
[WhiteElo "2147"]
[BlackElo "2039"]
[Annotator "NA RC"]
[PlyCount "98"]
[EventDate "2022.07.29"]
[EventType "team-tourn"]
[EventCountry "IND"]
[SourceTitle "playchess.com"]
[Source "ChessBase"]
[SourceQuality "1"]
[WhiteTeam "Japan"]
[BlackTeam "Madagascar"]
[WhiteTeamCountry "JPN"]
[BlackTeamCountry "MAD"]
[TimeControl "40/5400+30:1800+30"]

1. d4 Nf6 2. Bg5 c5 3. d5 Qb6 4. Nc3 d6 5. e4 Nbd7 6. Rb1 g6 7. f4 Bg7 8. Bc4 Qb4 9. Bxf6 Bxf6 10. Qd3 b5 11. Bxb5 Bxc3+ 12. Qxc3 Qxe4+ 13. Ne2 O-O 14. Qf3 Qxc2 15. Nc3 Qf5 16. O-O a6 17. Bc6 Rb8 18. Rbe1 Nf6 19. h3 h5 20. b3 e6 21. Ne4 Nxe4 22. Qxe4 exd5 23. Bxd5 Qf6 24. a3 Bf5 25. Qf3 Rfe8 26. Rd1 h4 27. Rf2 Re7 28. Rfd2 Rbe8 29. Qf1 Qc3 30. Qf2 Qg3 31. Qxg3 hxg3 32. Bc4 Re1+ 33. Bf1 R8e3 34. Rxd6 a5 35. Rxe1 Rxe1 36. Rd2 Rb1 37. Rd5 Kg7 38. a4 Kf6 39. h4 Ke6 40. Re5+ Kd6 41. Re3 Bg4 42. Rd3+ Kc6 43. Re3 Kd5 44. f5 gxf5 45. Rxg3 Be2 46. Kf2 Bxf1 47. h5 f4 48. Rh3 Ba6 49. h6 Rf1# 0-1

[Event "44th Chess Olympiad Open 2022"]
[Site "Chennai"]
[Date "2022.08.09"]
[Round "11.48"]
[White "Andrianiaina, Heritiana"]
[Black "Averbukh, Alex"]
[Result "1/2-1/2"]
[ECO "A30"]
[WhiteElo "2095"]
[BlackElo "2155"]
[Annotator "RC"]
[PlyCount "141"]
[EventDate "2022.07.29"]
[EventType "team-tourn"]
[EventCountry "IND"]
[SourceTitle "playchess.com"]
[Source "ChessBase"]
[SourceQuality "1"]
[WhiteTeam "Madagascar"]
[BlackTeam "Japan"]
[WhiteTeamCountry "MAD"]
[BlackTeamCountry "JPN"]
[TimeControl "40/5400+30:1800+30"]

1. c4 c5 2. Nf3 g6 3. d4 cxd4 4. Nxd4 Bg7 5. g3 Nc6 6. Nb3 a5 7. N3d2 d5 8. cxd5 Qxd5 9. e4 Qc5 10. Na3 Bd4 11. Qe2 a4 12. Bg2 b6 13. O-O Ba6 14. Qd1 Bxf1 15. Qxf1 Ne5 16. Nf3 Nxf3+ 17. Bxf3 e5 18. Be2 h5 19. h4 Nf6 20. Nb5 Kf8 21. Nxd4 exd4 22. e5 Qxe5 23. Bf4 Qe7 24. Rc1 Nd5 25. Bg5 f6 26. Bd2 Kg7 27. Bf3 Rad8 28. Qc4 Qf7 29. Qxd4 Ne7 30. Qb4 Nf5 31. Bc3 Qxa2 32. Qxb6 Rd6 33. Qa7+ Qf7 34. Qxa4 Rhd8 35. Re1 Qc7 36. Qf4 Qa7 37. Bxh5 gxh5 38. Qg5+ Kf8 39. Qxf5 Re8 40. Rxe8+ Kxe8 41. Qxh5+ Qf7 42. Qf3 Qe6 43. Kg2 Kf7 44. Qh5+ Kg7 45. Qg5+ Kf7 46. Qf4 Rd1 47. Qf3 Ra1 48. Qb7+ Qe7 49. Qxe7+ Kxe7 50. Kf3 Ke6 51. Kf4 Ra4+ 52. Ke3 Ra1 53. f3 Rh1 54. Kf4 Ra1 55. Kg4 Ra4+ 56. Kh3 Ra1 57. g4 Rh1+ 58. Kg3 Rg1+ 59. Kh2 Rf1 60. Kg2 Ra1 61. f4 Rd1 62. f5+ Kf7 63. g5 fxg5 64. hxg5 Rd5 65. g6+ Kg8 66. Kf3 Rxf5+ 67. Ke4 Rg5 68. g7 Kf7 69. Bd4 Ke6 70. Kf4 Rg6 71. Ke4 1/2-1/2

[Event "44th Chess Olympiad Open 2022"]
[Site "Chennai"]
[Date "2022.08.09"]
[Round "11.48"]
[White "Rakotomaharavo, Dylan"]
[Black "Kobayashi, Atsuhiko"]
[Result "0-1"]
[ECO "B06"]
[WhiteElo "1948"]
[BlackElo "2156"]
[Annotator "RC"]
[PlyCount "126"]
[EventDate "2022.07.29"]
[EventType "team-tourn"]
[EventCountry "IND"]
[SourceTitle "playchess.com"]
[Source "ChessBase"]
[SourceQuality "1"]
[WhiteTeam "Madagascar"]
[BlackTeam "Japan"]
[WhiteTeamCountry "MAD"]
[BlackTeamCountry "JPN"]
[TimeControl "40/5400+30:1800+30"]

1. e4 g6 2. d4 Bg7 3. Nf3 d6 4. Bc4 a6 5. a4 b6 6. O-O e6 7. Nc3 Ne7 8. Be3 h6 9. Qe2 Nd7 10. Rad1 Bb7 11. Nd2 O-O 12. f4 d5 13. Ba2 dxe4 14. Ndxe4 Nd5 15. Bc1 Nxc3 16. bxc3 Nf6 17. Ng3 Qd7 18. Bb3 Bc6 19. Ba3 Rfe8 20. a5 bxa5 21. Ra1 Nd5 22. Qd2 Nxc3 23. Bc5 Na4 24. Bxa4 Bxa4 25. Rf2 Reb8 26. Qxa5 Bc6 27. c3 Rb5 28. Qa3 a5 29. Qc1 a4 30. Nf1 Rxc5 31. dxc5 Qd5 32. Qa3 Bf8 33. Ne3 Qxc5 34. Qxc5 Bxc5 35. Re2 Rd8 36. Kh1 Bd6 37. Rd2 Rb8 38. Rd4 a3 39. h3 Rb3 40. Nc4 Rxc3 41. Nxd6 cxd6 42. Rxd6 Bd5 43. Kh2 Kf8 44. Ra6 Rc2 45. R6xa3 Rxg2+ 46. Kh1 Rf2+ 47. Kg1 Rxf4 48. Rc1 Kg7 49. Rcc3 g5 50. Rd3 h5 51. Re3 Kf6 52. Rac3 Rb4 53. Re2 g4 54. Kh2 Kg5 55. hxg4 hxg4 56. Rf2 f5 57. Rc8 Bf3 58. Rc1 e5 59. Kg1 Kf4 60. Rcf1 e4 61. Rh2 Rd4 62. Rhf2 e3 63. Rh2 Rd2 0-1

[Event "44th Chess Olympiad Open 2022"]
[Site "Chennai"]
[Date "2022.08.09"]
[Round "11.49"]
[White "Al Qudaimi, Basheer"]
[Black "Alfaro, William"]
[Result "1-0"]
[ECO "B31"]
[WhiteElo "2424"]
[BlackElo "2155"]
[Annotator "RC"]
[PlyCount "65"]
[EventDate "2022.07.29"]
[EventType "team-tourn"]
[EventCountry "IND"]
[SourceTitle "playchess.com"]
[Source "ChessBase"]
[SourceQuality "1"]
[WhiteTeam "Yemen"]
[BlackTeam "Nicaragua"]
[WhiteTeamCountry "YEM"]
[BlackTeamCountry "NCA"]
[TimeControl "40/5400+30:1800+30"]

1. e4 c5 2. Nf3 Nc6 3. Bb5 g6 4. O-O Bg7 5. Re1 Nf6 6. c3 O-O 7. h3 Qb6 8. Na3 a6 9. Ba4 Qc7 10. e5 Nh5 11. d4 d6 12. Bxc6 bxc6 13. g4 dxe5 14. dxe5 f6 15. gxh5 Bxh3 16. hxg6 Rad8 17. Qb3+ Kh8 18. Qa4 Qd7 19. Qh4 Qg4+ 20. Qxg4 Bxg4 21. Nh2 Bf5 22. Be3 fxe5 23. Bxc5 Rf6 24. gxh7 Bh6 25. Nc4 Bh3 26. Nf1 Bf4 27. Ng3 Re8 28. Nxe5 Kxh7 29. Rad1 Be6 30. c4 Rg8 31. Rd3 Rf5 32. Bd4 Rgg5 33. Nf3 1-0

[Event "44th Chess Olympiad Open 2022"]
[Site "Chennai"]
[Date "2022.08.09"]
[Round "11.49"]
[White "Al-Aqrabi, Saleh"]
[Black "Salazar Cabezas, Alberto Javier"]
[Result "1-0"]
[ECO "D00"]
[WhiteElo "2172"]
[BlackElo "2155"]
[Annotator "RC"]
[PlyCount "75"]
[EventDate "2022.07.29"]
[EventType "team-tourn"]
[EventCountry "IND"]
[SourceTitle "playchess.com"]
[Source "ChessBase"]
[SourceQuality "1"]
[WhiteTeam "Yemen"]
[BlackTeam "Nicaragua"]
[WhiteTeamCountry "YEM"]
[BlackTeamCountry "NCA"]
[TimeControl "40/5400+30:1800+30"]

1. d4 Nf6 2. Bf4 d5 3. e3 c5 4. c3 Nc6 5. Nd2 Bf5 6. Be2 Qb6 7. Qb3 c4 8. Qxb6 axb6 9. a3 b5 10. Rc1 e6 11. h3 Be7 12. Ngf3 Nd7 13. O-O h6 14. Rfe1 g5 15. Bg3 Bg6 16. Bd1 Nb6 17. e4 O-O-O 18. exd5 Rxd5 19. Ne5 Nxe5 20. Bxe5 f6 21. Bh2 Bf7 22. Bg4 f5 23. Bf3 Rd7 24. Re5 Nd5 25. Bxd5 Rxd5 26. Rce1 Rhd8 27. a4 Bf6 28. R5e2 Kd7 29. axb5 Rc8 30. Be5 Be7 31. b3 Rxb5 32. bxc4 Rb2 33. c5 Ra8 34. Nc4 Rxe2 35. Rxe2 Ra1+ 36. Kh2 Rc1 37. Rb2 Kc8 38. c6 1-0